 Dungeon Crawl Stone Soup version 0.20.1-1-g8b1a95d (webtiles) character file.

69 Supahsalami the Insei (level 3, -7/28 HPs)
             Began as a Demigod Transmuter on Nov 6, 2017.
             Mangled by a mummy (8 damage)
             ... on level 4 of the Dungeon.
             The game lasted 00:16:14 (2395 turns).

Supahsalami the Insei (Demigod Transmuter)          Turns: 2395, Time: 00:16:15

Health: -7/28      AC:  2    Str: 13    XL:     3   Next: 75%
Magic:  2/8        EV: 13    Int: 19    God:
Gold:   82         SH:  0    Dex: 16    Spells: 3/6 levels left

rFire    . . .     SeeInvis .   g - +0 dagger
rCold    . . .     Gourm    .   (no shield)
rNeg     . . .     Faith    .   b - +0 robe
rPois    .         Spirit   .   (no helmet)
rElec    .         Reflect  .   (no cloak)
rCorr    .         Harm     .   (no gloves)
MR       .....                  (no boots)
Stlth    +++.......             (no amulet)
Regen    0.1/turn               e - ring of stealth
MPRegen  0.2/turn               (no ring)

@: no status effects
A: high mp 1
a: no special abilities


You were on level 4 of the Dungeon.
You were hungry.

You visited 1 branch of the dungeon, and saw 4 of its levels.
You also visited: Ossuary.

You collected 82 gold pieces.

Inventory:

Hand Weapons
 g - a +0 dagger (weapon)
 i - a +0 hunting sling
Missiles
 a - 40 arrows (quivered)
 k - 32 stones
Armour
 b - a +0 robe (worn)
Jewellery
 e - a ring of stealth (left hand)
 t - an uncursed ring of fire {unknown}
Wands
 q - a wand of flame (17/48)
Scrolls
 j - 4 scrolls of identify {unknown}
 l - a scroll of fog {unknown}
 n - a scroll of amnesia {unknown}
 o - a scroll of remove curse {unknown}
 p - a scroll of recharging {unknown}
 r - a scroll of magic mapping {unknown}
 u - a scroll of teleportation {unknown}
 v - a scroll of enchant armour {unknown}
Potions
 f - 2 potions of heal wounds {unknown}
 h - 2 potions of resistance {unknown}
 m - 2 potions of mutation {unknown}
 s - 2 potions of curing {unknown}
Books
 c - a book of Changes

   Spells                             Type                      Level
   a - Beastly Appendage              Transmutation                1
   b - Sticks to Snakes               Transmutation                2
   c - Spider Form                    Transmutation/Poison         3
   d - Ice Form                       Ice/Transmutation            4
   e - Blade Hands                    Transmutation                5
Comestibles
 d - 2 bread rations


   Skills:
 + Level 1.1 Fighting
 + Level 1.4 Slings
 + Level 2.1 Dodging
 + Level 0.6 Stealth
 + Level 3.3 Unarmed Combat
 + Level 2.1 Spellcasting
 + Level 2.0 Transmutations


You had 3 spell levels left.
You knew the following spells:

 Your Spells              Type           Power        Failure   Level  Hunger
a - Beastly Appendage     Tmut           #.....       8%          1    #......
b - Sticks to Snakes      Tmut           #.......     11%         2    ##.....


Dungeon Overview and Level Annotations

Branches:
Dungeon (4/15)
 Temple: D:4-7

Annotations:
D:4 Vno's ghost, amateur DrCj


Innate Abilities, Weirdness & Mutations

You have an increased reservoir of magic. (+10% MP)


Message History

Level annotation: Vno's ghost, amateur DrCj Your horns disappear.
The jackal bites you. x2
* * * LOW HITPOINT WARNING * * *
The jackal barely misses you. The jackal misses you. The jackal bites you.
* * * LOW HITPOINT WARNING * * *
The jackal bites you.
* * * LOW HITPOINT WARNING * * *
There is a collapsed entrance, spattered with blood here.
You see here 2 arrows.
You hit the jackal.
The jackal is severely wounded.
The jackal misses you.
The jackal barely misses you. x2; The jackal bites you.
* * * LOW HITPOINT WARNING * * *
The jackal bites you.
* * * LOW HITPOINT WARNING * * *
You hit the jackal.
The jackal is almost dead.
The jackal barely misses you. x3; The mummy hits you!
You die...

..........######
..............$#
............##.# #
...#...###..#.# .#
###.# ##...##.####.
###.# ##W..#.#....
#...### #.......##l
#.#h.h###..........
#.#.@..##W.%..###.
# #hM........##
#...#####....#
...(.## #....#
####. ##....# ..
#....## ### #....#
#. ## #####....#
#.#.. #........#


You could see a mummy and 3 jackals.

Vanquished Creatures
  An adder (D:3)
  2 dart slugs (D:1)
  4 leopard geckos
  An orc (D:2)
  5 bats
  2 giant cockroaches
  3 goblins (D:1)
  4 hobgoblins (D:1)
  12 jackals (D:1)
  3 frilled lizards (D:1)
  2 kobolds (D:1)
  8 rats
47 creatures vanquished.

Notes
Turn   | Place    | Note
-------+----------+-------------------------------------------
     0 | D:1      | Supahsalami the Demigod Transmuter began the quest for the Orb.
     0 | D:1      | Reached XP level 1. HP: 15/15 MP: 5/5
   216 | D:1      | Reached skill level 3 in Unarmed Combat
   461 | D:1      | Reached XP level 2. HP: 21/22 MP: 5/7
  1069 | D:1      | Learned a level 2 spell: Sticks to Snakes
  1261 | D:1      | Reached XP level 3. HP: 27/27 MP: 8/8
  1699 | D:1      | Reached skill level 1 in Fighting
  1779 | D:2      | Found a glowing silver altar of Zin.
  1804 | D:2      | Reached skill level 1 in Slings
  1879 | D:4      | Noticed a scorpion
  2148 | D:4      | Noticed Vno's ghost (amateur DrCj)
  2148 | D:4      | Found a sand-covered staircase.
  2181 | Ossuary  | Entered an ossuary
  2394 | D:4      | HP: 1/28 [jackal (3)]
  2395 | D:4      | Mangled by a mummy

Skill      XL: |  1  2  3 |
---------------+----------+-----
Unarmed Combat | 3 |  3.3
Spellcasting   | 2 |  2.1
Dodging        | 2 |  2.1
Transmutations | 2 |  2.0
Fighting       | 1 |  1.1
Slings         | 1 |  1.4
Stealth        | |  0.6

Action                   || total
-------------------------++-------
Melee: Unarmed           ||    55
       Kick              ||    13
       Dagger            ||    14
       Headbutt          ||     2
 Fire: Hunting sling     ||    77
Throw: Throwing net      ||     1
 Cast: Beastly Appendage ||    10
       Sticks to Snakes  ||     5
Evoke: Wand              ||     1
 Stab: Held in net/web   ||     1
  Eat: Chunk             ||     4
Armor: Robe              ||    29
Dodge: Dodged            ||    85
